 Dungeon Crawl Stone Soup version 0.29-a0-1023-g6ae1a4a2c7 (webtiles) character file.

Game seed: 16770969735934417555

36 Sobieck the Shooter (level 3, -2/30 HPs)
             Began as a Demigod Hunter on Aug 11, 2022.
             Slain by an iguana (10 damage)
             ... on level 1 of the Dungeon.
             The game lasted 00:01:56 (1439 turns).

Sobieck the Shooter (Demigod Hunter)                Turns: 1439, Time: 00:01:57

Health: -2/30      AC:  3    Str: 12    XL:     3   Next: 5%
Magic:  0/5        EV: 12    Int: 11    God:
Gold:   15         SH:  0    Dex: 21    Spells: 2/2 levels left

rFire   . . .      SeeInvis +   a - +0 shortbow {bow}
rCold   . . .      Faith    .   (shield currently unavailable)
rNeg    . . .      Spirit   +   c - +0 leather armour
rPois   .          Reflect  .   (no helmet)
rElec   .          Harm     .   (no cloak)
rCorr   .          Rampage  .   (no gloves)
Will    .....                   (no boots)
Stlth   ++........              m - amulet of guardian spirit
HPRegen 0.10/turn               k - ring of see invisible
MPRegen 0.09/turn               (no ring)

@: no status effects
A: high MP 1, forlorn, divine attributes
a: no special abilities


You were on level 1 of the Dungeon.
You visited 1 branch of the dungeon, and saw 2 of its levels.

You collected 15 gold pieces.


Innate Abilities, Weirdness & Mutations

You have an increased reservoir of magic. (+10% MP)
You shall have no god before yourself.
Your divine heritage dramatically boosts your attributes as you level up.


   Skills:
 + Level 2.3 Fighting
 * Level 4.3 Ranged Weapons
 - Level 1.7 Dodging
 - Level 0.8 Stealth


You had 2 spell levels left.
You didn't know any spells.
Your spell library was empty.

Inventory:

Hand Weapons
 a - a +0 shortbow (weapon) {bow}
Missiles
 d - 6 poisoned darts {throwing}
 e - 6 stones {throwing}
 f - 4 atropa-tipped darts {throwing}
Armour
 c - a +0 leather armour (worn)
Jewellery
 g - an amulet of the acrobat
   (You found it on level 1 of the Dungeon)
 k - a ring of see invisible (left hand)
   (You found it on level 1 of the Dungeon)
 m - an amulet of guardian spirit (around neck)
   (You found it on level 1 of the Dungeon)
Scrolls
 b - 2 scrolls of immolation {!r!r}
 h - 2 scrolls of teleportation {unknown}
 i - a scroll of vulnerability {unknown}
 l - a scroll of poison {unknown}
 o - a scroll of magic mapping {unknown}
Potions
 j - a potion of resistance {unknown}
 n - a potion of degeneration {unknown}

Dungeon Overview and Level Annotations

Branches:
Dungeon (2/15) Zot: 10537

Annotations:
D:2 Robin

#.............
####.############
#.....#..........
#.....#.#########
#.....#.# #.
#.....#.########.
#.....#..........
#####.###########.
#@)...............
#l###.#.##########
#.##..#.#.......#
#.##.##.#.#####.#
######.##.##.........##
#......................
#.#####################
#.....#.#..####...##...
#..##..#..#.##.##.##.##


You could see an iguana.


Message History

The rat attacks as you move away! The rat barely misses you.
The rat barely misses you. The rat attacks as you move away! The rat bites you.
The rat attacks as you move away! The rat barely misses you.
The rat attacks as you move away! The rat bites you.
The rat twitches its whiskers.
The rat attacks as you move away! The rat closely misses you.
There is a stone staircase leading up here.
The rat closely misses you.
You climb upwards.
There is a stone staircase leading down here.
You shoot an arrow. The arrow closely misses the rat.
The rat bites you.
You shoot an arrow.
The arrow hits the rat but does no damage.
The rat misses you.
You shoot an arrow.
The arrow hits the rat but does no damage.
The rat bites you but does no damage. The rat barely misses you.
You shoot an arrow. The arrow hits the rat.
The rat bites you but does no damage.
You shoot an arrow. The arrow closely misses the rat.
The rat closely misses you.
You shoot an arrow. The arrow closely misses the rat.
The rat bites you. The rat barely misses you.
You are too injured to fight recklessly!
You are too injured to fight recklessly!
You are too injured to fight recklessly!
You are too injured to fight recklessly!
Fire: a) +0 shortbow {bow}
Press: ? - help, Q - select action, (/) - cycle Shift-Dir - straight line, f/p - rat
Aim: a rat (severely wounded, 63% to hit)
You shoot an arrow. The arrow hits the rat!
You kill the rat!
Press: ? - help, v - describe, . - travel A stone staircase leading down.
Unknown command.
Unknown command.
There is an open door here.
There is a stone staircase leading down here.
You climb downwards.
There is a stone staircase leading up here.
Danger!
Unknown command.
The goblin shouts! x3; You hear a shout!
The adder hisses angrily.
The adder closely misses you.
The hobgoblin shouts!
You climb upwards.
There is a stone staircase leading down here.
Unknown command.
Unknown command.
There is a stone staircase leading down here.
You climb downwards.
Level annotation: Robin The goblin shouts!
The endoplasm quivers.
There is a stone staircase leading up here.
Danger!
Unknown command.
You shoot an arrow. The arrow hits the endoplasm.
You kill the endoplasm!
You have reached level 3!
Your experience leads to a dramatic increase in your attributes!
Increase (S)trength, (I)ntelligence, or (D)exterity?
You feel agile. x4
Unknown command.
You shoot an arrow. The arrow closely misses the iguana.
The jackal bites you.
You climb upwards.
There is a stone staircase leading down here.
Unknown command.
You shoot an arrow. The arrow closely misses the jackal.
The jackal misses you.
The jackal bites you but does no damage.
You shoot an arrow. The arrow hits the jackal!
You kill the jackal!
No target in view!
No target in view!
Unknown command.
You climb downwards.
Level annotation: Robin The goblin closely misses you.
The iguana bites you!
There is a stone staircase leading up here.
Danger!
The goblin hits you with a +0 dagger. The iguana barely misses you.
You climb upwards.
There is a stone staircase leading down here.
Unknown command.
Fire: a) +0 shortbow {bow}
Press: ? - help, Q - select action, (/) - cycle Shift-Dir - straight line, f - goblin
Aim: a goblin, wielding a +0 dagger (59% to hit)
You shoot an arrow. The arrow hits the goblin.
You kill the goblin!
The iguana barely misses you. The iguana bites you!
* * * LOW HITPOINT WARNING * * *
Fire: a) +0 shortbow {bow}
Press: ? - help, Q - select action, (/) - cycle Shift-Dir - straight line, f - iguana
Aim: an iguana (69% to hit)
You shoot an arrow.
The arrow hits the iguana but does no damage.
The iguana bites you!
You die...

Skill      XL: |  1 |
---------------+----+-----
Fighting       | 2 |  2.3
Ranged Weapons | 4 |  4.3
Dodging        | |  1.7
Stealth        | |  0.8

Action                   || total
-------------------------++-------
 Fire: Shortbow          ||    63
Armor: Leather armour    ||     8
Dodge: Dodged            ||    21

Levels and vault maps discovered:
D:1:      dpeg_arrival_signposts, layout_basic
D:2:      layout_basic, serial_shops, nicolae_shop_behind_doors,
          small_statue_intersection, st_stairs_11, nicolae_underground_beach,
          uniq_robin

Notes
Turn   | Place    | Note
-------+----------+-------------------------------------------
     0 | D:1      | Sobieck the Demigod Hunter began the quest for the Orb.
     0 | D:1      | Reached XP level 1. HP: 17/17 MP: 3/3
   191 | D:1      | Reached skill level 2 in Fighting
   242 | D:1      | Reached skill level 4 in Ranged Weapons
   242 | D:1      | Reached XP level 2. HP: 24/24 MP: 4/4
  1380 | D:2      | Noticed Robin
  1429 | D:2      | Reached XP level 3. HP: 30/30 MP: 5/5
  1439 | D:1      | Slain by an iguana

Vanquished Creatures
  A dart slug (D:1)
  An orc (D:2)
  3 bats (D:1)
  5 endoplasms
  3 giant cockroaches (D:1)
  2 goblins (D:1)
  2 hobgoblins
  4 jackals (D:1)
  3 kobolds
  A ball python (D:1)
  2 frilled lizards (D:1)
  A rat (D:1)
28 creatures vanquished.

Table legend:
 A = Non-vault XP
 B = Vault XP
 C = Vault XP percentage of total XP
 D = Non-vault monster count
 E = Vault monster count
 F = Vault count percentage of total count
                 A         B        C        D         E       F
            +---------+---------+-------+---------+---------+-------
      Total |      45 |       7 |  13.5 |      24 |       4 |  14.3
            +---------+---------+-------+---------+---------+-------
        D:1 |      35 |       5 |  12.5 |      19 |       3 |  13.6
        D:2 |      10 |       2 |  16.7 |       5 |       1 |  16.7
            +---------+---------+-------+---------+---------+-------

Illustrated notes

Table legend:
 A = Kills in this place as a percentage of kills in entire the game.
 B = Kills by you in this place as a percentage of kills by you in the entire game.
 C = Kills by friends in this place as a percentage of kills by friends in the entire game.
 D = Other kills in this place as a percentage of other kills in the entire game.
 E = Experience gained in this place as a percentage of experience gained in the entire game.
 F = Experience gained in this place divided by the number of levels of this place that you have seen.
                   A       B       C       D       E      F
               +-------+-------+-------+-------+-------+----------------------
         Total | 100.0 | 100.0 |   N/A |   N/A | 100.0 |  26.0
       Dungeon | 100.0 | 100.0 |   N/A |   N/A | 100.0 |  26.0
               +-------+-------+-------+-------+-------+----------------------

Table legend: (Time is in decaauts)
 A = Elapsed time spent in this place.
 B = Non-inter-level travel time spent in this place.
 C = Inter-level travel time spent in this place.
 D = Time resting spent in this place.
 E = Time spent auto-exploring this place.
 F = Levels seen in this place.
 G = Mean time per level.
                   A        B        C        D        E       F      G
               +--------+--------+--------+--------+--------+-----+--------+
         Total |   1461 |   1363 |     98 |      0 |   1187 |   2 |  730.5 |
       Dungeon |   1461 |   1363 |     98 |      0 |   1187 |   2 |  730.5 |
               +--------+--------+--------+--------+--------+-----+--------+

Top non-repeatable levels by time:
     D:1: 1379 daAuts
     D:2: 81 daAuts
